 Dungeon Crawl Stone Soup version 0.23.1-41-g7e51ed3 (webtiles) character file.

Game seed: 15537191903642743491

3895 Borgoz the Cutter (level 10, -8/59 HPs)
             Began as a Gargoyle Gladiator on Mar 30, 2019.
             Was an Initiate of Ashenzari.
             Impaled on a porcupine's spines (12 damage)
             ... on level 8 of the Dungeon.
             The game lasted 00:11:23 (6553 turns).

Borgoz the Cutter (Gargoyle Gladiator)              Turns: 6553, Time: 00:11:24

Health: -8/59      AC: 25    Str: 18    XL:     10   Next: 20%
Magic:  14/14      EV: 14    Int:  9    God:    Ashenzari [......]
Gold:   295        SH:  0    Dex: 16    Spells: 12/15 levels left

rFire    + . .     SeeInvis .   m - +2 short sword (venom)
rCold    + . .     Gourm    .   (no shield)
rNeg     + . .     Faith    .   w - +6 ring mail "Lalyol" {rF+ rCorr}
rPois    ∞         Spirit   .   r - +1 hat
rElec    +         Reflect  .   K - +0 cloak
rCorr    +         Harm     .   D - +1 pair of gloves
MR       .....                  i - +0 pair of boots
Stlth    ++........             u - amulet of rage
HPRegen  0.19/turn              y - ring of protection from cold
MPRegen  0.14/turn              G - +2 ring of dexterity

@: berserk cooldown, slowed, very slow
A: negative energy resistance 1, electricity resistance, unbreathing,
petrification resistance, rot immunity, AC +7
a: Curse Item, Renounce Religion, Evoke Berserk Rage


You were on level 8 of the Dungeon.
You worshipped Ashenzari.
Ashenzari was noncommittal.
You were near starving.

You visited 2 branches of the dungeon, and saw 9 of its levels.

You collected 295 gold pieces.

Inventory:

Hand Weapons
 a - a +0 rapier
 m - a +2 short sword of venom (weapon)
 x - a +3 dagger
 L - a +2 dagger of venom
Missiles
 J - 2 tomahawks (quivered)
Armour
 i - a +0 pair of boots (worn)
 r - a +1 hat (worn)
 w - the +6 ring mail "Lalyol" (worn) {rF+ rCorr}
   (You found it on level 5 of the Dungeon)

   It protects you from fire.
   It provides partial protection from all sources of acid and corrosion.
 D - a +1 pair of gloves (worn)
 K - a +0 cloak (worn)
Jewellery
 u - an amulet of rage (around neck)
 y - a ring of protection from cold (left hand)
 G - a +2 ring of dexterity (right hand)
Wands
 h - a wand of acid (4)
 C - a wand of digging (7)
 I - a wand of flame (9)
Scrolls
 g - 3 scrolls of enchant armour {unknown}
 j - a scroll of immolation {unknown}
 k - a scroll of blinking {unknown}
 l - 2 scrolls of fear {unknown}
 o - a scroll of enchant weapon {unknown}
 s - 3 scrolls of remove curse
 A - a scroll of fog {unknown}
 E - a scroll of noise {unknown}
 M - a scroll of identify
 O - a scroll of amnesia {unknown}
Potions
 b - 4 potions of heal wounds
 c - 3 potions of curing
 e - a potion of agility
 n - 3 potions of haste
 p - a potion of might
 q - a potion of ambrosia {unknown}
 t - 2 potions of brilliance {unknown}
 v - 2 potions of mutation
 z - a potion of resistance {unknown}
 B - a potion of magic
 F - 2 potions of lignification {unknown}
 N - a potion of flight {unknown}
Comestibles
 f - 14 rations


   Skills:
 + Level 5.4 Fighting
 * Level 6.5 Short Blades
 - Level 1.7 Throwing
 * Level 6.3 Armour
 - Level 5.0 Dodging
 + Level 5.3 Stealth
 + Level 3.1 Spellcasting
 + Level 3.0 Hexes
 * Level 5.0 Evocations


You had 12 spell levels left.
You knew the following spells:

 Your Spells              Type           Power        Failure   Level  Hunger
a - Confuse               Hex            #.......     38%         3    ####...

Your spell library contained the following spells:

 Spells                   Type           Power        Failure   Level  Hunger
 Corona                   Hex            #......      14%         1    ##.....
 Ensorcelled Hibernation  Hex/Ice        #.....       38%         2    ###....
 Tukima's Dance           Hex            #.......     38%         3    ####...
 Dazzling Spray           Conj/Hex       #.....       63%         3    ####...


Dungeon Overview and Level Annotations

Branches:
Dungeon (8/15)             Temple (1/1) D:7
   Lair: D:8-11

Altars:
Ashenzari
Cheibriados
Dithmenos
Elyvilon
Fedhas
Gozag
Hepliaklqana
Kikubaaqudgha
Makhleb
Nemelex Xobeh
Okawaru
Qazlal
Ru
Sif Muna
Trog
Uskayaw
Vehumet
Wu Jian
Xom
Yredelemnul
Zin
The Shining One


Innate Abilities, Weirdness & Mutations

You are resistant to torment.
Your stone body is resilient. (AC +7)
You are immune to poison.
You resist negative energy. (rN+)
You are resistant to electric shocks. (rElec)
You can survive without breathing.
You are immune to petrification.
You are immune to rotting.


Message History

You completely miss the porcupine. The porcupine bites you.
* * * LOW HITPOINT WARNING * * *
You hit the porcupine.
The porcupine is poisoned.
The porcupine is lightly wounded.
The porcupine barely misses you. The porcupine misses you.
You hit the porcupine.
The porcupine looks as sick as possible!
The porcupine is moderately wounded.
The porcupine completely misses you.
You barely miss the porcupine.
The porcupine is heavily wounded.
The porcupine misses you. The porcupine closely misses you.
You are struck by the porcupine's spines.
* * * LOW HITPOINT WARNING * * *
You hit the porcupine.
The porcupine looks as sick as possible!
The porcupine is severely wounded.
The porcupine closely misses you.
You are struck by the porcupine's spines.
You die...

.. .# ..
#. #.##
..# #.#
#@# ##r#
#.l#
#.♣Y...#
#?.
.......
....
..P....
#♣P..
P......
)...
.......
.....
...P...


You could see a yak, a basilisk and a porcupine.

Vanquished Creatures
  Pikel (D:7)
  4 yaks (D:8)
  A basilisk (D:8)
  Menkaure (D:7)
  4 slaves (D:7)
  A black bear (D:7)
  2 porcupines (D:8)
  2 orc warriors
  A necrophage (D:6)
  2 sky beasts (D:6)
  A phantom (D:5)
  A centaur (D:7)
  An ogre (D:4)
  A crocodile (D:8)
  2 bullfrogs (D:6)
  A scorpion (D:5)
  5 wights (D:7)
  A howler monkey (D:7)
  A vampire bat (D:7)
  5 crimson imps
  4 jellies
  2 orc priests (D:6)
  8 orc wizards
  3 centaur skeletons
  3 iguanas
  2 worker ants (D:4)
  2 hound skeletons
  7 gnolls (D:6)
  A howler monkey skeleton (D:5)
  9 adders
  2 worms
  2 dart slugs
  6 leopard geckos
  17 orcs
  5 giant cockroaches
  7 goblins
  5 hobgoblins
  10 jackals
  7 quokkas
  13 bats
  2 frilled lizards
  2 kobolds
  5 rats
162 creatures vanquished.

Vanquished Creatures (others)
  An orc wizard (D:5)
  A plant (D:8)
2 creatures vanquished.

Grand Total: 164 creatures vanquished

Notes
Turn   | Place    | Note
-------+----------+-------------------------------------------
     0 | D:1      | Borgoz the Gargoyle Gladiator began the quest for the Orb.
     0 | D:1      | Reached XP level 1. HP: 12/12 MP: 1/1
   175 | D:1      | Reached XP level 2. HP: 17/17 MP: 2/2
   909 | D:2      | Found a shimmering altar of Xom.
   911 | D:2      | Found a stormy altar of Qazlal.
   926 | D:2      | Reached XP level 3. HP: 20/22 MP: 3/3
   997 | D:2      | Reached skill level 1 in Stealth
  1211 | D:2      | Reached skill level 1 in Armour
  1363 | D:3      | Reached XP level 4. HP: 25/27 MP: 4/4
  1664 | D:3      | Found a snail-covered altar of Cheibriados.
  2039 | D:4      | Noticed an ogre
  2045 | D:4      | Killed an ogre
  2045 | D:4      | Reached XP level 5. HP: 32/32 MP: 5/5
  2108 | D:4      | Reached XP level 6. HP: 34/37 MP: 6/6
  2604 | D:5      | Entered Level 5 of the Dungeon
  2900 | D:5      | Reached skill level 1 in Evocations
  2937 | D:5      | Got a steaming ring mail
  2948 | D:5      | Identified the +6 ring mail "Lalyol" {rF+ rCorr} (You found
                  | it on level 5 of the Dungeon)
  3005 | D:5      | Reached XP level 7. HP: 41/41 MP: 7/7
  3389 | D:5      | Learned a level 3 spell: Confuse
  3651 | D:6      | Found a sacrificial altar of Ru.
  3676 | D:5      | Reached XP level 8. HP: 23/48 MP: 9/9
  3971 | D:6      | Reached skill level 1 in Spellcasting
  4124 | D:6      | Reached skill level 1 in Hexes
  4155 | D:6      | Reached skill level 5 in Short Blades
  4222 | D:6      | Found a glowing golden altar of the Shining One.
  4537 | D:6      | Found an iron altar of Okawaru.
  4755 | D:6      | Reached XP level 9. HP: 52/52 MP: 11/11
  4765 | D:6      | Reached skill level 5 in Dodging
  5241 | D:7      | Noticed Menkaure
  5254 | D:7      | Killed Menkaure
  5357 | D:7      | Noticed Pikel
  5400 | D:7      | Killed Pikel
  5400 | D:7      | Reached skill level 5 in Armour
  5503 | D:7      | Found a sacrificial altar of Ru.
  5644 | D:7      | Reached skill level 5 in Fighting
  5789 | D:7      | Found a radiant altar of Vehumet.
  5790 | D:7      | Found a burning altar of Makhleb.
  6093 | D:7      | Found a staircase to the Ecumenical Temple.
  6155 | Temple   | Entered the Ecumenical Temple
  6216 | Temple   | Became a worshipper of Ashenzari the Shackled
  6483 | D:8      | Reached skill level 5 in Stealth
  6501 | D:8      | Reached XP level 10. HP: 40/59 MP: 14/14
  6535 | D:8      | Reached skill level 5 in Evocations
  6553 | D:8      | Impaled on a porcupine's spines

Skill      XL: |  1  2  3  4  5  6  7  8  9 10 |
---------------+-------------------------------+-----
Short Blades   | 3 4 5 6 |  6.5
Stealth        | 1 2 3 4 5 |  5.3
Armour         | 1 2 3 4 5 6 |  6.3
Dodging        | 3 4 5 |  5.0
Fighting       | 3 4 5 |  5.4
Evocations     | 1 2 3 4 5 |  5.0
Spellcasting   | 1 2 3 |  3.1
Hexes          | 1 2 3 |  3.0
Throwing       | |  1.7

Action                   |  1- 3 |  4- 6 |  7- 9 | 10-12 || total
-------------------------+-------+-------+-------+-------++-------
Melee: Rapier            |    25 |       |       |       ||    25
       Short sword       |    55 |   145 |   503 |    46 ||   749
Throw: Throwing net      |       |     1 |     3 |     3 ||     7
 Abil: Evoke Berserk Rag |       |       |     1 |     1 ||     2
  Use: Potion            |       |       |     2 |     1 ||     3
       Scroll            |       |       |     7 |       ||     7
 Stab: Sleeping          |       |       |     3 |       ||     3
       Held in net/web   |       |       |     1 |       ||     1
  Eat: Chunk             |     1 |     6 |    12 |       ||    19
Armor: Ring mail         |    28 |    49 |   235 |    18 ||   330
       Leather armour    |     1 |       |       |       ||     1
Dodge: Dodged            |    41 |    74 |   286 |    20 ||   421
